 Dungeon Crawl Stone Soup version 0.30-a0-422-g946f4849ff (webtiles) character file.

Game seed: 14987386135071223692

11544 Pooter the Fighter (level 11, -13/157 HPs)
             Began as a Minotaur Berserker on Dec 8, 2022.
             Was an Elder of Trog.
             Mangled by an orc knight
             ... wielding a +0 great sword
              (28 damage)
             ... on level 2 of the Orcish Mines.
             The game lasted 00:49:33 (9673 turns).

Pooter the Fighter (Minotaur Berserker)             Turns: 9673, Time: 00:49:33

Health: -13/157    AC: 15    Str: 24    XL:     11   Next: 50%
Magic:  10/10      EV:  7    Int:  4    God:    Trog [****..]
Gold:   766        SH:  5    Dex: 12    Spells: 10/10 levels left

rFire   . . .      SeeInvis +    a - +0 battleaxe
rCold   . . .      Faith    .    (shield currently unavailable)
rNeg    . . .      Spirit   .    R - +0 plate armour
rPois   .          Reflect  +    (helmet restricted)
rElec   .          Harm     .    (no cloak)
rCorr   .          Rampage  .    K - +3 pair of gauntlets of War {Slay+5}
Will    ++...                    (no boots)
Stlth   ..........               L - amulet of reflection
HPRegen 1.46/turn                S - ring of see invisible
MPRegen 0.12/turn                T - +4 ring of slaying

@: berserking, strong-willed (expiring), regenerating (expiring), very quick
A: horns 2, retaliatory headbutt
a: Renounce Religion, Berserk, Trog's Hand, Brothers in Arms


You were on level 2 of the Orcish Mines.
You worshipped Trog.
Trog was greatly pleased with you.
You visited 2 branches of the dungeon, and saw 11 of its levels.
You also visited: Sewer and Bailey.

You collected 826 gold pieces.
You spent 60 gold pieces at shops.

Inventory:

Hand Weapons
 a - a +0 battleaxe (weapon)
   (You took it off an orc warrior on level 9 of the Dungeon)
 b - a +0 arbalest of flaming
   (You took it off an orc warrior on level 7 of the Dungeon)
 i - a +1 vampiric halberd
   (You took it off a vampire in a bailey)
 B - a +0 flail of holy wrath
   (You took it off an orc warrior on level 1 of the Orcish Mines)
 C - a +0 trident
   (You took it off an orc on level 3 of the Dungeon)
 M - a +1 morningstar of protection
   (You took it off an orc on level 5 of the Dungeon)
 V - a +0 war axe of protection
   (You took it off a wight on level 7 of the Dungeon)
Missiles
 c - a curare-tipped dart
 s - 3 javelins
 D - 13 poisoned darts
 P - 5 atropa-tipped darts
 Q - 93 stones
 U - 9 boomerangs (quivered)
Armour
 p - a +0 pair of gloves of hurling
   (You found it in a bailey)
 v - the +18 Lear's hauberk
   (You found it on level 4 of the Dungeon)
 K - the +3 pair of gauntlets of War (worn) {Slay+5}
   (You found it in a bailey)

   Slay:      It affects your accuracy & damage with ranged weapons and melee
   (+5).
 R - a +0 plate armour (worn)
   (You took it off an orc warrior on level 9 of the Dungeon)
Jewellery
 L - an amulet of reflection (around neck)
   (You found it on level 9 of the Dungeon)
 S - a ring of see invisible (left hand)
   (You found it on level 1 of the Dungeon)
 T - a +4 ring of slaying (right hand)
   (You found it on level 6 of the Dungeon)
 W - an amulet of regeneration
   (You found it on level 8 of the Dungeon)
Wands
 f - a wand of flame (30)
   (You found it on level 3 of the Dungeon)
 u - a wand of paralysis (4)
   (You took it off Joseph on level 8 of the Dungeon)
 w - a wand of roots (11)
   (You found it on level 6 of the Dungeon)
 G - a wand of polymorph (5)
   (You found it on level 5 of the Dungeon)
Scrolls
 d - 2 scrolls of noise {!r}
 g - 2 scrolls of acquirement {unknown}
 j - a scroll of vulnerability {!r}
 o - a scroll of enchant weapon {unknown}
 r - 3 scrolls of amnesia {unknown}
 t - 8 scrolls of teleportation {@r4}
 x - a scroll of silence {unknown}
 z - a scroll of poison {unknown}
 E - a scroll of fear {unknown}
 I - 2 scrolls of magic mapping
Potions
 e - a potion of lignification {unknown}
 h - 2 potions of cancellation {unknown}
 k - 5 potions of heal wounds {@q2}
 l - 3 potions of might {unknown}
 m - 4 potions of degeneration {unknown}
 n - a potion of ambrosia {unknown}
 q - 6 potions of curing {@q1}
 y - 2 potions of brilliance {unknown}
 A - 2 potions of mutation {unknown}
 F - a potion of flight {unknown}
 H - 2 potions of attraction {unknown}
 N - a potion of invisibility {unknown}
 O - 2 potions of resistance
Miscellaneous
 J - a phantom mirror (inert)
   (You found it in a bailey)


   Skills:
 * Level 12.5 Fighting
 * Level 9.7(11.4) Axes
 - Level 8.9(10.8) Maces & Flails
 - Level 3.4(7.1) Polearms
 * Level 10.7 Ranged Weapons
 - Level 2.4 Armour
 - Level 2.1 Dodging
 + Level 3.9 Evocations


You had 10 spell levels left.
You didn't know any spells.
Your spell library was empty.

Dungeon Overview and Level Annotations

Branches:
Dungeon (9/15)             Temple (0/1) D:5             Orc (2/2) D:9
  Sewer (visited)          Bailey (visited)
   Lair: D:8-11         Elf: Orc:2

Altars:
Dithmenos
Makhleb
Uskayaw
Vehumet
Yredelemnul
Zin
The Shining One

Shops:
D:4 *


Innate Abilities, Weirdness & Mutations

You have a pair of horns on your head.
You reflexively headbutt those who attack you in melee.


Message History

You barely miss the orc knight. You hit the orc warrior.
The orc warrior hits you from afar with a +0 glaive!!
The orc knight roars a battlecry!
The orc warrior hits you with a +0 mace!
You hear a shout! x4
You closely miss the orc knight. You headbutt the orc knight.
You slice the orc warrior!!
You kill the orc warrior!
Trog accepts your kill. You block the orc knight's attack.
The orc warrior hits you from afar with a +0 glaive!
You hit the orc knight but do no damage.
The orc knight hits you with a +0 great sword!!
The orc warrior hits you from afar with a +0 glaive!!
* * * LOW HITPOINT WARNING * * *
You barely miss the orc knight. You headbutt the orc knight!
You slice the orc!!
You kill the orc!
Trog accepts your kill.
You slash the orc warrior!
The orc knight hits you with a +0 great sword!!!
* * * LOW HITPOINT WARNING * * *
The orc warrior barely misses you.
You closely miss the orc knight. You headbutt the orc knight!
You slash the orc warrior! You hit the orc knight. You slash the orc warrior!
You kill the orc warrior!
Trog accepts your kill.
The orc knight hits you but does no damage.
The orc warrior hits you but does no damage.
You hit the orc knight but do no damage.
You slice the orc!!
You kill the orc!
Trog accepts your kill.
An orc priest comes into view. It is wielding a +0 dagger.
You block the orc knight's attack.
An orc high priest comes into view. It is wielding a +0 glaive.
You closely miss the orc knight.
You headbutt the orc knight, but do no damage.
You barely miss the orc knight.
The orc priest looks encouraged for a moment.
The orc knight hits you with a +0 great sword!
* * * LOW HITPOINT WARNING * * *
An orc sorcerer comes into view. It is wielding a +0 dagger.
An orc priest comes into view. It is wielding a +0 falchion.
An orc comes into view. It is wielding a +0 whip.
You slash the orc knight! Your headbutt misses the orc knight.
You feel the effects of Trog's Hand fading.
The orc knight hits you with a +0 great sword!!
You die...

...###.........
...........$...
#............
......$.....
#.......#
#....)[#
#..#)<##
##.[[[###
#.o@)...#
#..)))[...#
#...oo....##
##...o.....#
#............
............#.
###.o.o.######
o.oo...


You could see 2 orc knights, an orc high priest (strong), an orc sorcerer
(strong), an orc warrior (strong), 2 orc priests and 2 orcs.

Vanquished Creatures
  2 two-headed ogres
  Pikel (D:7)
  An orc sorcerer (Orc:1)
  Joseph (D:8)
  A gargoyle (Bailey)
  A troll (D:9)
  A hornet (D:8)
  A vampire (Bailey)
  A wyvern (D:7)
  20 yaks
  An acid dragon (D:9)
  2 water moccasins
  An ice beast (D:6)
  11 orc warriors
  2 ogres (D:4)
  2 centaurs (D:8)
  A lemure (D:7)
  A phantom (D:5)
  2 kobold brigands
  2 bullfrogs
  2 gnoll sergeants
  5 scorpions
  4 wights (D:7)
  3 howler monkeys
  8 vampire bats (Bailey)
  5 wolf zombies (Bailey)
  3 jellies (D:6)
  A hound (D:6)
  8 orc priests
  3 iguanas (D:5)
  17 orc wizards
  A hound zombie (D:3)
  8 gnolls
  7 adders
  A shadow imp (D:7)
  A white imp (D:6)
  2 ufetubi
  2 adder zombies (D:3)
  50 orcs
  2 ball pythons
  9 endoplasms
  2 giant cockroaches (D:4)
  9 hobgoblins
  6 jackals
  18 kobolds
  7 quokkas
  10 bats
  3 frilled lizards
  15 goblins
  18 orc zombies (Bailey)
  A quokka zombie (D:3)
  5 rats
291 creatures vanquished.

Vanquished Creatures (collateral kills)
  An ettin (Orc:1)
1 creature vanquished.

Grand Total: 292 creatures vanquished

Notes
Turn   | Place    | Note
-------+----------+-------------------------------------------
     0 | D:1      | Pooter the Minotaur Berserker began the quest for the Orb.
     0 | D:1      | Reached XP level 1. HP: 19/19 MP: 0/0
   127 | D:1      | Reached skill level 4 in Fighting
   161 | D:1      | Reached XP level 2. HP: 26/27 MP: 1/1
   451 | D:1      | Reached ** piety under Trog
   596 | D:1      | Reached XP level 3. HP: 30/34 MP: 2/2
   854 | D:2      | Reached skill level 1 in Ranged Weapons
   912 | D:2      | Found a faded altar of an unknown god.
  1247 | D:2      | Reached XP level 4. HP: 40/41 MP: 3/3
  1261 | D:2      | Reached skill level 5 in Fighting
  1673 | D:3      | Reached XP level 5. HP: 48/48 MP: 4/4
  2144 | D:3      | Found a basalt altar of Yredelemnul.
  2223 | D:4      | Found the +18 Lear's hauberk
  2226 | D:4      | Noticed an ogre
  2243 | D:4      | Killed an ogre
  2244 | D:4      | Reached skill level 1 in Polearms
  2244 | D:4      | Reached XP level 6. HP: 18/57 MP: 5/5
  2431 | D:4      | Found Daurogeg's General Store.
  2439 | D:4      | Bought a scroll of teleportation for 30 gold pieces
  2439 | D:4      | Bought a potion of curing for 30 gold pieces
  2445 | D:4      | Reached skill level 6 in Fighting
  2456 | D:4      | Reached skill level 5 in Axes
  2485 | D:4      | Found a glowing drain.
  2506 | Sewer    | Entered a sewer
  2543 | Sewer    | Noticed a water moccasin
  2553 | Sewer    | Killed a water moccasin
  3190 | D:4      | Reached XP level 7. HP: 48/64 MP: 6/6
  3867 | D:5      | Entered Level 5 of the Dungeon
  3869 | D:5      | Found a staircase to the Ecumenical Temple.
  3989 | D:5      | Reached skill level 7 in Fighting
  4000 | D:5      | Reached skill level 5 in Ranged Weapons
  4195 | D:5      | Reached skill level 1 in Maces & Flails
  4195 | D:5      | Reached XP level 8. HP: 74/74 MP: 7/7
  4333 | D:5      | Found a shadowy altar of Dithmenos.
  4727 | D:6      | Reached skill level 8 in Fighting
  5215 | D:6      | You fall into a shaft and drop 1 floor!
  5318 | D:7      | Found a flagged portal.
  5326 | Bailey   | Entered a bailey
  5612 | Bailey   | Reached skill level 9 in Fighting
  5615 | Bailey   | Reached XP level 9. HP: 83/83 MP: 8/8
  5638 | Bailey   | Reached *** piety under Trog
  5655 | Bailey   | Reached skill level 5 in Maces & Flails
  5957 | Bailey   | Noticed a gargoyle
  5967 | Bailey   | Killed a gargoyle
  6027 | Bailey   | Found the +3 pair of gauntlets of War {Slay+5}
  6045 | Bailey   | Identified the +0 ring mail "Fydyonez" {MP+9}
  6286 | D:6      | Found a glowing golden altar of the Shining One.
  6412 | D:6      | Found a burning altar of Makhleb.
  6415 | D:6      | Found a hide-covered altar of Uskayaw.
  6686 | D:7      | Noticed Pikel
  6697 | D:7      | Killed Pikel
  6698 | D:7      | Reached skill level 10 in Fighting
  6698 | D:7      | Reached skill level 1 in Evocations
  6797 | D:7      | Identified the +4 leather armour "Peuhelit" {rElec Stlth+}
  7086 | D:7      | Found a glowing silver altar of Zin.
  7253 | D:7      | Reached XP level 10. HP: 85/94 MP: 9/9
  7772 | D:8      | Paralysed by a hornet for 2 turns
  8099 | D:8      | Noticed a two-headed ogre
  8100 | D:8      | Noticed Joseph
  8102 | D:8      | Killed a two-headed ogre
  8102 | D:8      | Paralysed by Joseph for 4 turns
  8103 | D:8      | Reached skill level 11 in Fighting
  8109 | D:8      | Paralysed by Joseph for 5 turns
  8123 | D:8      | Killed Joseph
  8733 | D:9      | Found a radiant altar of Vehumet.
  9008 | D:9      | Reached **** piety under Trog
  9009 | D:9      | Reached XP level 11. HP: 104/104 MP: 10/10
  9064 | D:9      | Reached skill level 10 in Ranged Weapons
  9178 | D:9      | Found a staircase to the Orcish Mines.
  9178 | D:9      | Noticed a two-headed ogre
  9182 | D:9      | Killed a two-headed ogre
  9183 | D:9      | Reached skill level 12 in Fighting
  9197 | Orc:1    | Entered Level 1 of the Orcish Mines
  9376 | Orc:1    | Noticed an ettin
  9377 | Orc:1    | Killed an ettin
  9425 | Orc:1    | Noticed an orc sorcerer
  9430 | Orc:1    | Killed an orc sorcerer
  9581 | Orc:2    | Entered Level 2 of the Orcish Mines
  9657 | Orc:2    | Noticed an orc knight
  9660 | Orc:2    | Noticed an orc knight
  9670 | Orc:2    | Noticed an orc high priest
  9672 | Orc:2    | Noticed an orc sorcerer
  9673 | Orc:2    | Mangled by an orc knight

Illustrated notes

Levels and vault maps discovered:
D:1:      dpeg_arrival_rooms_with_view, layout_basic
D:2:      cheibrodos_pilgrimage, layout_loops_ring,
          ebering_ecumenical_altar_abandoned
D:3:      layout_rooms, nicolae_yredelemnul_corpse_copse
D:4:      layout_layer_cave, portal_sewer_entry_b, serial_shops,
          nicolae_shop_advertising_works [nicolae_subvault_shop_adworks]
D:5:      layout_rooms, mainiacjoe_overflow_24_doors,
          minmay_temple_entry_statues_fountains
D:6:      layout_layer_cave, grunt_temple_overflow_open
D:7:      layout_gridville, zin_statuary, enter_bailey_3, uniq_pikel
D:8:      layout_loops_corners, uniq_joseph
D:9:      layout_grid_maze, fiery_altar_vehumet, orc_0_dummy,
          lightli_wizard_tower
Orc:1:    layout_diamond_mine
Orc:2:    st_orc_congregation, layout_diamond_mine, special_room

Skill      XL: |  1  2  3  4  5  6  7  8  9 10 11 |
---------------+----------------------------------+-----
Fighting       | 4 5 6 7 9 10 11 12 | 12.5
Axes           | 4 5 6 7 8 9 |  9.7
Ranged Weapons | 1 2 3 4 5 7 8 9 10 | 10.7
Polearms       | 1 2 3 |  3.4
Maces & Flails | 1 4 6 8 |  8.9
Evocations     | 1 3 |  3.9
Armour         | |  2.4
Dodging        | |  2.1

Action                   |  1- 3 |  4- 6 |  7- 9 | 10-12 || total
-------------------------+-------+-------+-------+-------++-------
Melee: Hand axe          |    69 |    15 |    12 |       ||    96
       Headbutt          |     5 |    12 |    27 |    23 ||    67
       Flail             |       |     7 |       |       ||     7
       Trident           |       |    85 |    34 |       ||   119
       Punch             |       |     1 |     3 |       ||     4
       Morningstar       |       |       |   133 |    15 ||   148
       Halberd           |       |       |       |    16 ||    16
       War axe           |       |       |       |     5 ||     5
       Battleaxe         |       |       |       |    63 ||    63
 Fire: Sling             |    28 |    35 |    16 |       ||    79
       Arbalest          |       |       |   102 |    72 ||   174
Throw: Javelin           |       |     3 |       |       ||     3
Invok: Berserk           |       |     3 |     8 |     8 ||    19
       Trog's Hand       |       |     3 |    10 |     9 ||    22
Evoke: Wand              |       |       |     1 |       ||     1
       Phantom mirror    |       |       |       |     1 ||     1
  Use: Scroll            |     2 |     2 |     5 |     2 ||    11
       Potion            |       |       |     1 |       ||     1
 Stab: Sleeping          |     1 |       |       |       ||     1
Armor: Animal skin       |    15 |     2 |       |       ||    17
       Scale mail        |       |    17 |       |       ||    17
       Chain mail        |       |    38 |   309 |    31 ||   378
       Plate armour      |       |       |       |    30 ||    30
Dodge: Dodged            |    37 |    56 |   172 |    44 ||   309
Block: Other             |       |       |       |     8 ||     8

Table legend: (Time is in decaauts)
 A = Elapsed time spent in this place.
 B = Non-inter-level travel time spent in this place.
 C = Inter-level travel time spent in this place.
 D = Time resting spent in this place.
 E = Time spent auto-exploring this place.
 F = Levels seen in this place.
 G = Mean time per level.
                   A        B        C        D        E       F      G
               +--------+--------+--------+--------+--------+-----+--------+
         Total |  10051 |   9784 |    267 |   1706 |   5944 |  13 |  773.2 |
       Dungeon |   8400 |   8170 |    230 |   1057 |   5486 |   9 |  933.3 |
  Orcish Mines |    516 |    479 |     37 |     96 |    231 |   2 |  258.0 |
         Sewer |    155 |    155 |      0 |     59 |     39 |   1 |  155.0 |
        Bailey |    978 |    978 |      0 |    492 |    188 |   1 |  978.0 |
               +--------+--------+--------+--------+--------+-----+--------+

Top non-repeatable levels by time:
     D:4: 1627 daAuts
     D:8: 1314 daAuts
     D:7: 1076 daAuts
  Bailey: 978 daAuts
     D:6: 941 daAuts
     D:1: 821 daAuts
     D:2: 795 daAuts
     D:5: 691 daAuts
     D:3: 638 daAuts
     D:9: 493 daAuts
   Orc:1: 479 daAuts
   Sewer: 155 daAuts
   Orc:2: 37 daAuts
